Map: Ley Lines

Players

Zoun - Winner!

  • Race: Protoss Protoss
  • League: Master
  • Spawn Location: 1:00

Remarcable (uThermal)

  • Race: Terran Terran
  • League: Grandmaster
  • Spawn Location: 7:00

Event: HomeStory Cup XXVII

VOD

Have the link to the VOD?

Description

Time

  • Played on: June 28, 2025, 9:24 a.m.
  • Length: 12:45

All games in this series

Show
View Real Time Build Order
Export as new Build Order

Zoun Protoss - Winner!

Build Orders: 1 Gate Expand, Phoenix Opening, Blink Stalkers, Colossus Rush 

Get SALT Encoding   

  12  0:00  Probe  
  13  0:12  Probe  
  14  0:17  Pylon  
  14  0:23  Probe  
  15  0:31  Probe  
  15  0:36  Gateway  
  15  0:40  Probe  
  16  0:46  Assimilator  
  17  0:51  Probe  
  18  1:03  Probe  
  19  1:15  Probe  
  20  1:23  Cybernetics Core  
  20  1:34  Nexus  
  20  1:44  Pylon, Probe  
  21  1:51  Assimilator  
  21  1:52  Adept  
  21  1:56  Probe  
  22  2:02  Warp Gate  
  22  2:08  Probe  
  25  2:20  Probe  
  25  2:22  Sentry  
  26  2:24  Phoenix  
  28  2:32  Probe  
  29  2:43  Twilight Council  
  29  2:44  Probe x2  
  29  2:48  Stalker  
  33  2:52  Probe  
  33  2:56  Probe  
  35  3:00  Probe  
  35  3:01  Blink  
  36  3:09  Phoenix, Probe  
  36  3:10  Gateway  
  38  3:12  Probe  
  38  3:20  Shield Battery  
  38  3:21  Probe  
  38  3:25  Probe  
  40  3:27  Pylon  
  40  3:33  Probe  
  41  3:37  Robotics Facility  
  41  3:38  Probe  
  42  3:45  Probe  
  43  3:50  Stalker  
  43  3:51  Probe  
  46  3:57  Probe, Assimilator  
  46  4:00  Phoenix  
  47  4:03  Probe  
  47  4:09  Probe, Nexus  
  49  4:12  Stalker  
  51  4:18  Shield Battery  
  51  4:19  Probe  
  52  4:24  Pylon  
  52  4:26  Observer  
  52  4:27  Pylon  
  52  4:29  Probe  
  54  4:42  Probe, Stalker x2  
  54  4:43  Observer  
  61  4:45  Probe  
  61  4:50  Robotics Bay  
  61  4:54  Probe  
  61  4:57  Probe  
  63  5:02  Forge, Charge  
  63  5:06  Probe  
  63  5:07  Pylon  
  64  5:10  Probe  
  65  5:17  Observer  
  65  5:18  Shield Battery  
  65  5:19  Probe  
  65  5:21  Probe x2  
  67  5:24  Stalker  
  67  5:25  Stalker  
  67  5:27  Colossus, Probe  
  72  5:29  Probe  
  72  5:30  Probe  
  72  5:34  Observer  
  75  5:35  Probe  
  75  5:37  Probe  
  75  5:38  Probe  
  84  5:42  Pylon  
  84  5:48  Gateway  
  84  5:51  Gateway, Pylon  
  84  5:59  Extended Thermal Lance  
  84  6:02  Observer  
  84  6:04  Protoss Ground Weapons Level 1  
  84  6:06  Stalker  
  84  6:07  Observer  
  84  6:09  Observer, Stalker  
  88  6:12  Gateway  
  88  6:13  Gateway  
  88  6:14  Gateway  
  88  6:26  Nexus  
  88  6:28  Pylon  
  88  6:32  Gateway  
  88  6:37  Colossus  
  88  6:40  Probe x2  
  88  6:42  Photon Cannon  
  90  6:48  Photon Cannon  
  90  6:49  Photon Cannon  
  90  6:50  Probe  
  90  6:52  Probe  
  90  6:53  Probe, Photon Cannon  
  99  6:56  Shield Battery, Stalker  
  101  7:05  Probe x3  
  101  7:08  Pylon  
  104  7:09  Pylon, Stalker  
  104  7:10  Stalker  
  108  7:22  Warp Prism  
  108  7:23  Probe x2  
  108  7:25  Probe  
  108  7:28  Photon Cannon  
  111  7:31  Observer  
  111  7:32  Forge  
  111  7:35  Probe  
  111  7:36  Zealot x4  
  122  7:38  Probe x2  
  122  7:39  Probe  
  125  7:47  Probe  
  125  7:48  Observer, Pylon x2  
  125  7:50  Zealot x3  
  132  7:54  Protoss Ground Armor Level 1  
  132  7:58  Observer  
  132  7:59  Gravitic Boosters  
  132  8:03  Stargate  
  132  8:10  Zealot x5  
  132  8:11  Zealot x2  
  146  8:13  Protoss Ground Weapons Level 2  
  146  8:21  Immortal, Observer  
  146  8:27  Gateway  
  146  8:28  Pylon, Gateway  
  146  8:31  Robotics Facility  
  150  8:37  Observer, Probe x2  
  152  8:42  Zealot x4  
  152  8:44  Observer, Nexus  
  152  8:47  Zealot x2  
  152  8:48  Zealot  
  166  8:52  Pylon  
  164  8:57  Zealot  
  164  9:01  Phoenix  
  168  9:05  Pylon  
  168  9:08  Zealot x2  
  172  9:10  Pylon  
  172  9:11  Zealot x4  
  172  9:13  Observer  
  172  9:16  Immortal x2  
  180  9:19  Shield Battery  
  180  9:21  Photon Cannon  
  180  9:27  Pylon  
  180  9:28  Phoenix  
  190  9:37  Photon Cannon  
  190  9:38  Photon Cannon  
  190  9:39  Probe x2, Photon Cannon  
  190  9:40  Probe x2  
  193  9:53  Phoenix  
  193  9:57  Zealot x7  
  199  10:01  Observer  
  200  10:19  Nexus  
  200  10:32  Pylon, Zealot  
  198  10:38  Observer  
  198  10:39  Stalker x7  
  165  10:46  Zealot x2  
  165  10:48  Immortal  
  155  10:55  Zealot  
  157  10:58  Gateway x2  
  157  11:00  Gateway  
  157  11:02  Sentry, Zealot x5  
  157  11:03  Zealot  
  171  11:04  Gateway  
  171  11:06  Warp Prism  
  173  11:11  Nexus  
  173  11:12  Shield Battery  
  173  11:13  Photon Cannon, Zealot x2  
  173  11:16  Phoenix  
  179  11:19  Observer  
  179  11:22  Immortal  
  175  11:32  Pylon  
  159  11:33  Zealot x10  
  159  11:38  Observer  
  179  11:42  Observer  
  179  11:54  Zealot x10  
  197  12:20  Zealot x14  
  145  12:41  Stalker x3, Zealot  
  145  12:42  Zealot x8  
Show
View Real Time Build Order
Export as new Build Order

Remarcable Terran 

Build Orders: Reaper Expand, Mech 

Get SALT Encoding   

  12  0:00  SCV  
  13  0:12  SCV  
  14  0:17  Supply Depot  
  14  0:24  SCV  
  15  0:39  SCV  
  15  0:41  Barracks  
  16  0:43  Refinery  
  16  0:51  SCV  
  17  1:03  SCV  
  18  1:15  SCV  
  19  1:28  Orbital Command, Reaper  
  20  1:41  Command Center  
  20  1:53  Supply Depot  
  20  1:55  SCV  
  20  2:00  Marine  
  22  2:07  SCV  
  23  2:09  Factory  
  23  2:19  Bunker, SCV  
  23  2:21  Barracks Reactor  
  24  2:27  Refinery  
  24  2:31  SCV  
  25  2:43  SCV  
  26  2:53  Hellion  
  26  2:55  Orbital Command, SCV  
  26  2:56  Starport  
  29  2:59  Marine  
  29  3:00  Marine  
  30  3:07  SCV  
  31  3:15  Factory Tech Lab  
  31  3:17  Marine x2  
  31  3:19  SCV  
  34  3:21  SCV  
  35  3:29  Supply Depot  
  35  3:31  SCV  
  35  3:33  SCV  
  37  3:35  Marine x2  
  37  3:39  Factory Tech Lab  
  37  3:40  Raven  
  41  3:43  SCV  
  41  3:45  SCV  
  43  3:53  Supply Depot, Marine x2  
  45  3:58  SCV  
  45  4:00  Siege Tank  
  49  4:03  SCV  
  50  4:10  SCV  
  50  4:11  Command Center  
  50  4:15  SCV  
  52  4:17  Supply Depot  
  52  4:18  Marine x2  
  52  4:24  Banshee  
  52  4:25  SCV  
  52  4:27  SCV  
  52  4:31  Refinery  
  57  4:33  Refinery  
  57  4:36  Siege Tank  
  60  4:38  SCV  
  60  4:40  SCV  
  60  4:42  Marine  
  60  4:45  Marine  
  64  4:49  Supply Depot  
  64  4:51  SCV  
  64  4:52  SCV  
  66  4:58  Cloaking Field  
  66  5:00  Marine  
  66  5:02  Marine  
  66  5:03  SCV  
  66  5:04  Supply Depot  
  69  5:10  Banshee  
  69  5:13  Engineering Bay, SCV  
  73  5:15  SCV  
  73  5:18  Siege Tank  
  73  5:20  Marine  
  78  5:23  Marine  
  78  5:28  Supply Depot  
  79  5:29  Orbital Command  
  79  5:30  SCV  
  79  5:32  SCV  
  81  5:40  Marine x2, Armory  
  81  5:42  SCV  
  84  5:48  Factory  
  84  5:51  Factory  
  84  5:52  Siege Tank  
  87  5:58  Hyperflight Rotors  
  87  6:02  SCV  
  85  6:09  Orbital Command, Supply Depot  
  85  6:10  SCV  
  85  6:14  SCV  
  85  6:18  Banshee  
  85  6:21  Engineering Bay  
  85  6:22  SCV  
  89  6:26  SCV  
  89  6:30  Refinery  
  89  6:31  Thor  
  96  6:32  Refinery  
  96  6:34  SCV  
  96  6:35  SCV  
  96  6:37  Bunker  
  96  6:38  SCV  
  99  6:40  Bunker  
  99  6:44  Supply Depot  
  99  6:46  SCV  
  100  6:48  Factory Tech Lab  
  100  6:54  Missile Turret  
  100  6:55  Missile Turret, SCV  
  100  6:56  Missile Turret, SCV  
  100  6:58  SCV  
  103  7:01  Banshee  
  103  7:07  SCV  
  103  7:08  SCV  
  108  7:10  Supply Depot  
  108  7:11  Supply Depot  
  108  7:14  Thor  
  114  7:18  SCV  
  114  7:19  SCV  
  116  7:22  Supply Depot  
  116  7:26  SCV  
  116  7:27  Supply Depot  
  117  7:30  Supply Depot  
  117  7:32  Thor  
  117  7:33  SCV, Infernal Pre-Igniter  
  124  7:37  Supply Depot  
  124  7:43  Hellion  
  125  7:44  Hellion, Banshee, SCV x2  
  125  7:47  Supply Depot  
  125  7:48  Supply Depot  
  132  7:54  Factory  
  132  7:56  SCV  
  132  7:57  Thor  
  136  8:07  Hellion x2, Factory  
  136  8:09  Terran Vehicle Weapons Level 1  
  136  8:12  Supply Depot  
  140  8:13  Supply Depot  
  140  8:15  Thor  
  140  8:19  SCV  
  147  8:20  SCV  
  147  8:21  Supply Depot  
  147  8:22  Smart Servos  
  147  8:23  Supply Depot  
  148  8:27  Banshee  
  148  8:33  Hellion x2  
  155  8:37  Missile Turret  
  155  8:39  Factory Tech Lab  
  155  8:40  Supply Depot, SCV  
  156  8:43  Thor  
  162  8:52  SCV  
  163  9:01  Thor  
  169  9:06  Thor  
  169  9:07  Factory Reactor, Hellion x2  
  169  9:09  Banshee  
  182  9:19  Command Center  
  182  9:26  Thor  
  182  9:29  Missile Turret x2  
  188  9:38  SCV  
  189  9:43  Thor  
  195  9:56  Hellion x2  
  199  10:03  Starport  
  199  10:04  Starport  
  199  10:05  Command Center  
  199  10:08  Terran Vehicle Weapons Level 2  
  199  10:27  Thor  
  157  10:43  Thor  
  157  10:44  Hellion x2  
  157  10:46  Hellion  
  157  10:47  Banshee  
  157  10:48  Starport Tech Lab x2  
  157  10:49  Hellion  
  166  10:56  SCV x3  
  169  10:57  Thor  
  169  11:04  Hi-Sec Auto Tracking  
  175  11:05  Hellion  
  175  11:10  Thor  
  182  11:19  SCV  
  182  11:22  Missile Turret  
  182  11:23  Hellion  
  182  11:24  Command Center  
  182  11:26  Thor  
  168  11:36  Hellion  
  170  11:40  Thor, Planetary Fortress  
  170  11:47  Hellion x3  
  182  11:53  Sensor Tower  
  182  11:54  SCV  
  183  11:56  Orbital Command  
  183  12:00  Hellion  
  185  12:02  Hellion  
  190  12:08  Medivac  
Tags
 
Add a new tag
Caveats
  • Supply blocks, unpowered buildings, or Contaminate may cause inaccurate times.
  • Supply counts are checked every 10 seconds.